Map: Proxima Station LE

Players

CatZ

  • Race: Zerg Zerg
  • Spawn Location: 7:00

NonY - Winner!

  • Race: Protoss Protoss
  • Spawn Location: 1:00

Event: WCS Austin 2017

VOD

Have the link to the VOD?

Description

Time

  • Played on: April 28, 2017, 1:45 p.m.
  • Length: 9:43

All games in this series

Show
View Real Time Build Order
Export as new Build Order

CatZ Zerg 

Build Orders: Hatch First 

Get SALT Encoding   

  12  0:00  Drone  
  13  0:12  Overlord  
  13  0:18  Drone  
  14  0:31  Drone x2  
  16  0:36  Drone  
  17  0:53  Hatchery  
  17  0:56  Drone  
  17  1:06  Drone  
  18  1:15  Spawning Pool  
  17  1:18  Drone  
  17  1:21  Drone  
  19  1:28  Drone  
  20  1:48  Hatchery  
  19  1:58  Drone x2  
  21  2:05  Queen  
  23  2:11  Queen  
  23  2:12  Extractor  
  23  2:15  Drone  
  25  2:18  Drone  
  25  2:21  Extractor  
  25  2:22  Drone  
  26  2:27  Drone  
  26  2:28  Drone  
  28  2:32  Overlord  
  29  2:48  Overlord  
  29  2:54  Hatchery  
  29  2:56  Drone  
  30  2:59  Drone x3  
  30  3:04  Drone x2  
  35  3:09  Queen  
  35  3:11  Queen  
  39  3:16  Drone  
  39  3:18  Drone  
  41  3:22  Overlord  
  41  3:24  Drone  
  43  3:27  Drone  
  43  3:29  Metabolic Boost  
  43  3:34  Drone x2  
  44  3:41  Drone  
  44  3:42  Drone x2  
  44  3:45  Queen  
  49  3:52  Drone x2  
  51  3:59  Drone  
  52  4:03  Overlord  
  52  4:04  Overlord  
  52  4:05  Queen, Extractor  
  52  4:06  Drone x2  
  52  4:08  Drone  
  56  4:10  Drone  
  56  4:11  Drone  
  58  4:17  Drone, Spore Crawler  
  58  4:21  Spore Crawler  
  58  4:22  Zergling x6  
  60  4:24  Zergling x2  
  60  4:26  Zergling x2  
  62  4:33  Drone  
  62  4:34  Lair  
  62  4:37  Drone x4  
  67  4:39  Zergling x2  
  67  4:41  Zergling x2  
  67  4:42  Zergling x2  
  67  4:43  Zergling x2  
  71  4:46  Zergling x2  
  71  4:49  Zergling x2  
  71  4:51  Baneling Nest  
  71  4:56  Zergling x2  
  71  4:57  Zergling x2  
  73  5:01  Drone, Spore Crawler  
  70  5:08  Drone x3  
  70  5:09  Drone  
  73  5:17  Spore Crawler  
  73  5:18  Extractor  
  73  5:19  Drone x2  
  73  5:22  Extractor  
  73  5:25  Evolution Chamber  
  73  5:27  Drone, Evolution Chamber  
  70  5:29  Drone x3  
  70  5:30  Pneumatized Carapace  
  70  5:31  Overseer  
  70  5:33  Overlord x2  
  73  5:36  Drone  
  73  5:37  Drone, Hydralisk Den  
  73  5:42  Overlord  
  74  5:47  Overlord  
  74  5:52  Zergling x4  
  74  5:54  Drone x2  
  74  5:57  Roach Warren  
  77  5:59  Zerg Missile Weapons Level 1  
  77  6:03  Zerg Ground Armor Level 1  
  77  6:06  Drone x2  
  77  6:07  Drone  
  77  6:09  Overlord  
  80  6:19  Overlord  
  80  6:30  Hydralisk  
  80  6:31  Hydralisk x6  
  93  6:36  Drone x2  
  93  6:37  Drone x2  
  93  6:39  Drone  
  98  6:40  Drone  
  98  6:42  Drone  
  98  6:43  Drone  
  98  6:44  Drone  
  102  6:50  Drone x3, Extractor  
  102  6:53  Extractor  
  103  6:55  Overlord  
  103  6:56  Drone x3  
  106  7:06  Overseer  
  106  7:07  Overlord  
  106  7:13  Burrow, Hatchery  
  105  7:18  Drone  
  105  7:19  Drone  
  106  7:24  Overlord, Glial Reconstitution  
  106  7:27  Overlord  
  106  7:33  Muscular Augments  
  106  7:37  Drone x2  
  106  7:38  Drone x5  
  106  7:39  Overlord  
  106  7:41  Roach  
  106  7:42  Roach x4  
  123  7:44  Roach  
  123  7:45  Roach  
  123  7:50  Centrifical Hooks  
  127  7:52  Infestation Pit  
  126  8:00  Drone x2  
  126  8:01  Overlord  
  126  8:02  Drone  
  129  8:11  Roach x6  
  140  8:16  Baneling x7  
  140  8:17  Baneling  
  140  8:24  Roach x2  
  140  8:25  Roach x3  
  150  8:28  Baneling  
  150  8:29  Baneling x2  
  150  8:30  Baneling  
  150  8:36  Baneling x7  
  150  8:42  Roach x3  
  150  8:46  Roach  
  150  8:48  Roach x3  
  158  8:49  Overlord  
  156  8:56  Baneling x7  
  156  8:57  Overlord x3, Baneling x2  
  156  8:59  Extractor x2  
  154  9:06  Overlord  
  154  9:07  Overlord  
  151  9:10  Zergling x2  
  151  9:16  Zergling x10  
  151  9:17  Zergling x12  
Show
View Real Time Build Order
Export as new Build Order

NonY Protoss - Winner!

Build Orders: 1 Gate Expand, Oracle Opening 

Get SALT Encoding   

  12  0:01  Probe (Chrono Boost)  
  13  0:11  Probe (Chrono Boost)  
  14  0:17  Pylon  
  14  0:22  Probe (Chrono Boost)  
  14  0:27  Assimilator  
  15  0:35  Probe (Chrono Boost)  
  16  0:44  Gateway  
  16  0:47  Probe (Chrono Boost)  
  17  0:57  Probe (Chrono Boost)  
  18  1:08  Probe (Chrono Boost)  
  19  1:20  Nexus  
  19  1:23  Probe (Chrono Boost)  
  20  1:34  Cybernetics Core  
  20  1:38  Probe (Chrono Boost)  
  21  1:41  Assimilator  
  21  1:52  Zealot  
  21  1:54  Pylon  
  23  2:13  Warp Gate  
  23  2:15  Mothership Core (Chrono Boost)  
  25  2:16  Zealot  
  27  2:25  Gateway  
  27  2:32  Probe (Chrono Boost)  
  27  2:35  Probe (Chrono Boost)  
  29  2:42  Zealot  
  29  2:43  Probe (Chrono Boost)  
  32  2:48  Probe (Chrono Boost)  
  33  2:53  Probe (Chrono Boost)  
  34  2:59  Probe (Chrono Boost)  
  34  3:04  Probe (Chrono Boost)  
  36  3:08  Stargate  
  36  3:09  Probe (Chrono Boost)  
  37  3:14  Probe (Chrono Boost), Sentry  
  40  3:20  Probe (Chrono Boost)  
  40  3:25  Probe (Chrono Boost)  
  42  3:30  Probe (Chrono Boost)  
  42  3:33  Pylon  
  43  3:35  Probe (Chrono Boost)  
  45  3:41  Probe (Chrono Boost)  
  45  3:46  Probe (Chrono Boost), Oracle  
  46  3:53  Probe (Chrono Boost)  
  46  3:55  Nexus  
  50  3:56  Probe (Chrono Boost)  
  51  4:04  Pylon  
  51  4:07  Probe x2 (Chrono Boost)  
  51  4:09  Assimilator  
  53  4:17  Assimilator  
  53  4:18  Oracle  
  53  4:19  Probe (Chrono Boost)  
  53  4:20  Pylon  
  53  4:22  Probe (Chrono Boost)  
  58  4:35  Probe (Chrono Boost)  
  58  4:37  Probe (Chrono Boost)  
  60  4:38  Gateway  
  60  4:40  Gateway  
  60  4:51  Forge  
  60  4:53  Twilight Council  
  60  4:56  Probe (Chrono Boost)  
  60  4:57  Probe (Chrono Boost)  
  56  5:18  Probe (Chrono Boost)  
  56  5:19  Probe (Chrono Boost)  
  56  5:20  Probe (Chrono Boost)  
  59  5:22  Blink, Zealot x2  
  63  5:29  Probe (Chrono Boost)  
  63  5:30  Probe (Chrono Boost)  
  63  5:32  Probe (Chrono Boost)  
  63  5:34  Pylon, Protoss Ground Weapons Level 1  
  66  5:35  Pylon  
  66  5:41  Probe x2 (Chrono Boost)  
  69  5:44  Probe (Chrono Boost), Stalker  
  69  5:45  Sentry  
  73  5:52  Probe (Chrono Boost)  
  73  5:53  Probe (Chrono Boost)  
  75  5:57  Pylon, Stalker  
  75  5:59  Stalker  
  75  6:00  Robotics Facility  
  75  6:03  Probe (Chrono Boost)  
  81  6:04  Probe (Chrono Boost)  
  81  6:08  Gateway  
  81  6:11  Gateway  
  81  6:13  Gateway  
  81  6:15  Pylon  
  83  6:19  Probe (Chrono Boost)  
  83  6:20  Assimilator, Probe x2 (Chrono Boost)  
  83  6:23  Templar Archives  
  83  6:24  Assimilator  
  84  6:36  Stalker x4  
  84  6:38  Probe (Chrono Boost)  
  84  6:39  Probe x2 (Chrono Boost)  
  95  6:40  Pylon  
  95  6:41  Photon Cannon  
  95  6:47  Observer, Psionic Storm  
  96  6:56  Probe (Chrono Boost)  
  96  6:57  Probe (Chrono Boost)  
  98  7:01  High Templar x2  
  98  7:06  Observer, Pylon  
  98  7:08  Pylon  
  102  7:09  Photon Cannon  
  103  7:15  High Templar  
  105  7:27  Photon Cannon  
  105  7:34  Warp Prism  
  105  7:38  High Templar x2  
  105  7:40  Stalker x3  
  105  7:41  Stalker  
  119  7:44  Gateway  
  119  7:46  Gateway  
  119  7:48  Gateway  
  119  7:50  Gateway  
  119  7:52  Gateway  
  119  7:57  Stalker  
  121  8:08  Stalker x4  
  129  8:14  Warp Prism  
  131  8:20  Nexus  
  131  8:21  Pylon  
  131  8:24  Pylon  
  131  8:53  Stalker x9  
  131  8:54  Stalker  
  151  8:59  Pylon  
  143  9:19  Archon  
  143  9:23  Stalker x5  
  143  9:24  Stalker x5  
Tags
 
Add a new tag
Caveats
  • Supply blocks, unpowered buildings, or Contaminate may cause inaccurate times.
  • Supply counts are checked every 10 seconds.